 Dungeon Crawl Stone Soup version 0.30.0-3-ga4e48a9924 (webtiles) character file.

Game seed: 16177073500618144371

690 jimonade the Slasher (level 7, 0/37 HPs)
             Began as a Vine Stalker Monk on May 7, 2023.
             Slain by a vampire (6 damage)
             ... on level 5 of the Dungeon.
             The game lasted 00:06:54 (4422 turns).

jimonade the Slasher (Vine Stalker Monk)            Turns: 4422, Time: 00:06:54

Health: 0/37       AC:  9    Str: 14    XL:     7   Next: 63%
Magic:  0/8        EV:  8    Int: 10    God:
Gold:   260        SH:  0    Dex: 18    Spells: 6/6 levels left

rFire   . . .        a - +0 long sword
rCold   . . .        d - orb {light}
rNeg    . . .        o - +0 chain mail
rPois   .            (no helmet)
rElec   .            (no cloak)
rCorr   .            (no gloves)
SInv    .            (no boots)
Will    .....        (no amulet) Stlth
                     (no ring)
HPRegen 1.06/turn    (no ring)
MPRegen 0.11/turn

%: guardian spirit
@: glowing
A: fangs 2, regeneration 1, magic shield, antimagic bite, no potion heal 2
a: no special abilities


You were on level 5 of the Dungeon.
You visited 2 branches of the dungeon, and saw 6 of its levels.

You collected 260 gold pieces.

Inventory:

Hand Weapons
 a - a +0 long sword (weapon)
 e - a +0 falchion
 f - a +0 short sword
 C - a +3 spectral club
 F - a +4 dagger
Missiles
 k - 15 poisoned darts (quivered)
 q - a throwing net
 A - 4 javelins
Armour
 b - a +0 robe
 d - an orb of light (worn)
 h - a +0 ring mail
 l - a +0 buckler
 o - a +0 chain mail (worn)
Magical Staves
 x - a staff of conjuration
Jewellery
 B - a +5 ring of evasion
Wands
 v - a wand of digging (4)
 y - a wand of light (6)
 z - a wand of paralysis (11)
Scrolls
 g - 4 scrolls of teleportation
 m - 2 scrolls of butterflies
 p - a scroll of magic mapping
 u - a scroll of torment
 w - 2 scrolls of fear
 D - a scroll of enchant armour {unknown}
 E - a scroll of poison {unknown}
 G - a scroll of silence {unknown}
Potions
 i - 4 potions of curing {unknown}
 j - a potion of experience {unknown}
 n - a potion of invisibility {unknown}
 r - a potion of brilliance {unknown}
 s - a potion of attraction {unknown}
 t - 2 potions of heal wounds {unknown}


   Skills:
 + Level 4.0 Fighting
 + Level 5.9 Long Blades
 + Level 3.0 Armour
 + Level 3.0 Dodging
 + Level 0.1 Stealth


You had 6 spell levels left.
You didn't know any spells.
Your spell library contained the following spells:

 Spells                   Type           Power      Damage    Failure   Level
 Portal Projectile        Hex/Tloc       0%         N/A       100%        3
 Tukima's Dance           Hex            0%         N/A       100%        3
 Blade Hands              Tmut           0%         N/A       100%        5


Dungeon Overview and Level Annotations

Branches:
Dungeon (5/15)             Temple (1/1) D:5

Altars:
Ashenzari
Cheibriados
Dithmenos
Fedhas
Hepliaklqana
Okawaru
Qazlal
Ru
Uskayaw
Yredelemnul
Zin
The Shining One

Shops:
D:4 :

Annotations:
D:3 2 transporters


Innate Abilities, Weirdness & Mutations

You have extremely sharp teeth.
Your natural rate of healing is unusually fast.
When hurt, damage is shared between your health and your magic reserves.
Your bite disrupts and absorbs the magic of your enemies.
Potions cannot restore your health.


Message History

You are confused.
The vampire attacks as you move away! The vampire hits you.
* * * LOW HITPOINT WARNING * * *
The vampire bites you but does no damage.
The vampire casts a spell.
The vampire flickers and vanishes for a moment.
Okay, then.
You are too confused!
Unknown command.
Unknown command.
You are more confused.
Your system rejects the healing.
You feel invigorated.
You bump into the rock wall.
The vampire hits you but does no damage.
The vampire bites you.
The vampire draws strength from your injuries!
You bump into the rock wall.
The vampire closely misses you. The vampire bites you.
* * * LOW HITPOINT WARNING * * *
The vampire draws strength from your injuries!
You hit the vampire. Your bite misses the vampire.
The vampire is moderately damaged.
You feel less invigorated. The vampire hits you.
* * * LOW HITPOINT WARNING * * *
The vampire bites you!
* * * LOW HITPOINT WARNING * * *
The vampire draws strength from your injuries!
The vampire casts a spell at you. You resist with some effort.
You bump into the rock wall.
The vampire hits you but does no damage.
The vampire bites you.
* * * LOW HITPOINT WARNING * * *
The vampire draws strength from your injuries!
The vampire closely misses you. The vampire barely misses you.
You feel less confused.
You hit the vampire.
The vampire is lightly damaged.
The vampire closely misses you. The vampire bites you!
You die...

..................#
.#######.##########
####.#### #.......#
#.......####
#...........
#...........
#...$...##.#
#..@..?.# #
#..V....# ###.###.#
#.# .# #.# .# #.#
#.# ... #.#


You could see a vampire (invisible).

Vanquished Creatures
  A phantom (D:4)
  2 scorpions
  2 hounds (D:5)
  A jelly (D:4)
  An orc priest (D:4)
  3 iguanas
  A sleepcap (D:4)
  Ijyb (D:3)
  An orc wizard (D:4)
  4 gnolls (D:1)
  7 adders
  An ufetubus (D:5)
  2 worms (D:2)
  3 dart slugs
  9 orcs
  10 endoplasms
  11 giant cockroaches
  6 goblins
  6 hobgoblins
  10 jackals
  6 kobolds
  A quokka (D:4)
  9 ball pythons
  5 bats
  3 frilled lizards
  5 rats
111 creatures vanquished.

Notes
Turn   | Place    | Note
-------+----------+-------------------------------------------
     0 | D:1      | jimonade the Vine Stalker Monk began the quest for the Orb.
     0 | D:1      | Reached XP level 1. HP: 11/11 MP: 2/2
   142 | D:1      | Reached XP level 2. HP: 16/16 MP: 3/3
   255 | D:1      | Reached skill level 3 in Long Blades
   496 | D:1      | Reached XP level 3. HP: 19/20 MP: 4/4
  1282 | D:1      | Gained mutation: Your natural rate of healing is unusually
                  | fast. [Vine Stalker growth]
  1282 | D:1      | Reached XP level 4. HP: 17/24 MP: 3/5
  1310 | D:1      | Reached skill level 1 in Armour
  1792 | D:2      | Reached XP level 5. HP: 28/28 MP: 4/6
  2122 | D:3      | Found an iron altar of Okawaru.
  2131 | D:3      | Noticed Ijyb
  2145 | D:3      | Killed Ijyb
  2146 | D:3      | Reached skill level 4 in Long Blades
  2271 | D:3      | Found a transporter.
  2299 | D:3      | Found a transporter.
  2880 | D:4      | Reached XP level 6. HP: 31/32 MP: 7/7
  3072 | D:4      | Found Kukistri's Tremendous Tomes.
  3099 | D:4      | Reached skill level 5 in Long Blades
  3383 | D:4      | Reached XP level 7. HP: 36/36 MP: 6/8
  3434 | D:4      | Found a stormy altar of Qazlal.
  3628 | D:4      | Found a hazy altar of Hepliaklqana.
  3801 | D:5      | Entered Level 5 of the Dungeon
  4043 | D:5      | Found a staircase to the Ecumenical Temple.
  4052 | Temple   | Entered the Ecumenical Temple
  4402 | D:5      | Noticed a vampire
  4422 | D:5      | Slain by a vampire

Illustrated notes

Levels and vault maps discovered:
D:1:      minmay_arrival_split_and_join, layout_basic, minmay_tetromino_s4
D:2:      layout_loops_cross, minmay_worlds_worst_comb
D:3:      gammafunk_steamed_eel, layout_loops_corners, okawaru_trees_2,
          uniq_ijyb
D:4:      layout_loops_cross, kennysheep_mini_moat, grunt_qazlal_clouds,
          dreamdust_mushroom_princess, grunt_ministairs_5,
          nicolae_shop_i_like_big_books
D:5:      layout_loops_ring, minmay_temple_entry_ruins, roderic_roman_lattice
Temple:   dpeg_three_leaves_temple

Skill      XL: |  1  2  3  4  5  6  7 |
---------------+----------------------+-----
Long Blades    | 3 4 5 |  5.9
Fighting       | 3 4 |  4.0
Armour         | 1 2 3 |  3.0
Dodging        | 3 |  3.0
Stealth        | |  0.1

Action                     |  1- 3 |  4- 6 |  7- 9 || total
---------------------------+-------+-------+-------++-------
  Melee: Falchion          |    70 |    40 |       ||   110
         Bite              |    19 |    43 |    25 ||    87
         Long sword        |       |    97 |    63 ||   160
    Use: Scroll            |       |     5 |       ||     5
         Potion            |       |       |     1 ||     1
 Armour: Ring mail         |    17 |       |       ||    17
         Chain mail        |    12 |    56 |    35 ||   103
  Dodge: Dodged            |    32 |    55 |    28 ||   115
